 Dungeon Crawl Stone Soup version 0.31-a0-1610-g9787180 (webtiles) character file.

Game seed: 5254168834002550494

1145 PidgeyThePirate the Cleaver (level 8, -3/70 HPs)
             Began as a Minotaur Chaos Knight on Jan 8, 2024.
             Was a Plaything of Xom.
             Slain by an ice beast (10 damage)
             ... on level 6 of the Dungeon.
             The game lasted 00:09:25 (5522 turns).

PidgeyThePirate the Cleaver (Minotaur Chaos Knight) Turns: 5522, Time: 00:09:25

Health: -3/70      AC: 12    Str: 26    XL:     8   Next: 15%
Magic:  7/7        EV:  8    Int:  8    God:    Xom [....*.]
Gold:   202        SH:  0    Dex: 12    Spells: 4/7 levels left

rFire   . . .        a - +0 hand axe (chaos)
rCold   . . .        (no shield)
rNeg    . . .        y - +0 plate armour {Will+}
rPois   .            (helmet restricted)
rElec   .            (no cloak)
rCorr   .            (no gloves)
SInv    .            (no boots)
Will    +....        (no amulet) Stlth
                     i - +6 ring of strength
HPRegen 0.31/turn    r - ring of flight
MPRegen 0.10/turn

%: no passive effects
@: confused, mighty, ambrosia-drunk, flying
A: horns 2, retaliatory headbutt, strong 1
a: Renounce Religion


You were on level 6 of the Dungeon.
You worshipped Xom.
You were a beloved toy of Xom.
You visited 1 branch of the dungeon, and saw 6 of its levels.

You collected 202 gold pieces.

Inventory:

Hand Weapons
 a - a +0 hand axe of chaos (weapon)
Missiles
 x - a throwing net (quivered)
Armour
 b - a +2 leather armour
 h - a +0 scale mail
 y - a +0 plate armour of willpower (worn)
Jewellery
 i - a +6 ring of strength (left hand)
 k - a ring of magical power
 p - a +6 ring of intelligence
 r - a ring of flight (right hand)
Wands
 s - a wand of iceblast (10)
Scrolls
 c - a scroll of butterflies
 e - 4 scrolls of identify {unknown}
 g - a scroll of acquirement {unknown}
 l - a scroll of teleportation {unknown}
 o - 2 scrolls of amnesia {unknown}
 t - 2 scrolls of noise {unknown}
 w - a scroll of vulnerability {unknown}
Potions
 d - a potion of brilliance {unknown}
 f - 2 potions of curing {unknown}
 j - a potion of heal wounds {unknown}
 m - 4 potions of ambrosia
 n - a potion of might
 q - a potion of lignification {unknown}
 u - a potion of cancellation {unknown}
 v - 2 potions of attraction {unknown}


   Skills:
 + Level 6.1 Fighting
 + Level 8.6 Axes
 + Level 6.2 Armour
 + Level 3.0 Dodging
 + Level 1.0 Stealth


You had 4 spell levels left.
You knew the following spells:

 Your Spells              Type           Power      Damage    Failure   Level
a - Mephitic Cloud        Conj/Alch/Air  0%         N/A       100%        3

Your spell library contained the following spells:

 Spells                   Type           Power      Damage    Failure   Level
 Foxfire                  Conj/Fire      0%         2x1d4     99%         1
 Dazzling Flash           Conj/Hex       0%         N/A       100%        3
 Curse of Agony           Necr           0%         N/A       100%        5
 Silence                  Hex/Air        0%         N/A       100%        5
 Plasma Beam              Fire/Air       0%         2x1d10    100%        6
 Starburst                Conj/Fire      0%         6d3       100%        6


Dungeon Overview and Level Annotations

Branches:
Dungeon (6/15)
 Temple: D:4-7

Altars:
Okawaru
Ru
Xom

Shops:
D:4 :


Innate Abilities, Weirdness & Mutations

You have a pair of horns on your head.
You reflexively headbutt those who attack you in melee.
Your muscles are strong. (Str +4, Int/Dex -1)


Message History

The ice beast hits you. The ice beast freezes you!
You hit the gnoll.
The gnoll is lightly wounded.
You hit the ice beast.
The gnoll sergeant hits you from afar with a +0 spear.
The gnoll hits you with a +0 whip.
The ice beast hits you but does no damage.
You hit the gnoll. You freeze the gnoll.
The gnoll is heavily wounded.
You barely miss the ice beast.
The gnoll sergeant hits you from afar with a +0 spear!
The gnoll barely misses you. x2; The ice beast hits you.
The ice beast freezes you!
* * * LOW HITPOINT WARNING * * *
You closely miss the gnoll. Your headbutt misses the gnoll.
The gnoll is heavily wounded.
You hit the ice beast.
The gnoll sergeant hits you from afar with a +0 spear!
* * * LOW HITPOINT WARNING * * *
The gnoll hits you but does no damage. The gnoll closely misses you.
The ice beast hits you but does no damage.
It was a potion of ambrosia.
You are confused.
You feel invigorated. The gnoll hits you but does no damage.
The gnoll hits you from afar with a +0 spear.
* * * LOW HITPOINT WARNING * * *
The gnoll sergeant misses you.
The ice beast hits you but does no damage.
It was a potion of might.
You feel very mighty all of a sudden.
Xom thinks this is hilarious!
The white imp is no longer paralysed.
The gnoll sergeant hits you from afar with a +0 spear.
* * * LOW HITPOINT WARNING * * *
The gnoll barely misses you. The gnoll hits you but does no damage.
The ice beast hits you.
* * * LOW HITPOINT WARNING * * *
The ice beast freezes you!
You die...
Xom is highly amused!

..# #....#
##.###....###
#... ..5....
#..# #....#
#..# #....#
#..# #....#
#<.###....#
##........#
######@g.#
#)Yg# .g.$...
.......<#
.........#
..........#
...........#
#...........#


You could see an ice beast (strong), a gnoll sergeant, 2 gnolls and a white imp.

Vanquished Creatures
  Prince Ribbit (D:5)
  Sigmund (D:3)
  A bullfrog (D:5)
  A howler monkey (D:4)
  2 bombardier beetles (D:5)
  A hound (D:5)
  A gnoll bouda (D:5)
  Jessica (D:3)
  Ijyb (D:3)
  2 sleepcaps
  4 iguanas
  An orc wizard (D:5)
  17 gnolls
  3 adders
  2 ufetubi (D:5)
  7 ribbon worms (D:2)
  4 dart slugs
  2 orcs
  12 bats
  9 endoplasms
  4 giant cockroaches
  8 goblins
  5 hobgoblins
  7 jackals
  4 quokkas
  7 ball pythons
  4 frilled lizards
  11 kobolds
  8 rats
131 creatures vanquished.

Notes
Turn   | Place    | Note
-------+----------+-------------------------------------------
     0 | D:1      | PidgeyThePirate the Minotaur Chaos Knight began the quest
                  | for the Orb.
     0 | D:1      | Reached XP level 1. HP: 19/19 MP: 0/0
   118 | D:1      | XOM: divination: detect creatures
   154 | D:1      | Reached XP level 2. HP: 21/27 MP: 1/1
   156 | D:1      | Reached skill level 4 in Axes
   296 | D:1      | XOM: scenery: create altars
   557 | D:1      | XOM: polymorph endoplasm -> orc
   560 | D:1      | Reached XP level 3. HP: 30/33 MP: 2/2
   576 | D:1      | XOM: noise
   708 | D:1      | Found a faded altar of an unknown god.
  1032 | D:2      | XOM: butterfly on damage
  1230 | D:2      | XOM: god gift: 6 stones
  1298 | D:2      | Reached XP level 4. HP: 39/41 MP: 3/3
  1724 | D:2      | XOM: 2-stop teleportation journey
  1820 | D:2      | XOM: divination: detect items
  1994 | D:2      | Reached skill level 5 in Axes
  2077 | D:3      | Found an iron altar of Okawaru.
  2155 | D:3      | Learned a level 3 spell: Mephitic Cloud
  2188 | D:3      | Found a shimmering altar of Xom.
  2212 | D:3      | Noticed Ijyb
  2212 | D:3      | XOM: cast spell 'Dispersal'
  2217 | D:3      | XOM: confuse monster(s)
  2218 | D:3      | Killed Ijyb
  2219 | D:3      | Reached XP level 5. HP: 33/47 MP: 4/4
  2396 | D:3      | XOM: 1-stop teleportation journey
  2442 | D:3      | Reached skill level 5 in Fighting
  2469 | D:3      | Noticed Sigmund
  2472 | D:3      | XOM: divination: detect creatures
  2487 | D:3      | Killed Sigmund
  2488 | D:3      | Reached skill level 6 in Axes
  2488 | D:3      | Reached XP level 6. HP: 53/56 MP: 5/5
  2583 | D:3      | XOM: scenery: create altars
  2632 | D:3      | Noticed Jessica
  2642 | D:3      | Killed Jessica
  2735 | D:3      | Identified the +2 helmet of Dauthaag {Will++ rCorr}
  2812 | D:3      | XOM: give mutation
  2812 | D:3      | Gained mutation: Your muscles are strong. (Str +4, Int/Dex
                  | -1) [Xom's grace]
  3242 | D:4      | XOM: silly message
  3410 | D:4      | Found Umivvumi's Book Emporium.
  3507 | D:4      | XOM: god gift: book of Fire
  3566 | D:5      | XOM: noise
  3566 | D:5      | Entered Level 5 of the Dungeon
  3572 | D:5      | Reached skill level 7 in Axes
  3707 | D:5      | Reached XP level 7. HP: 61/61 MP: 6/6
  4024 | D:5      | Noticed Prince Ribbit
  4043 | D:5      | Killed Prince Ribbit
  4044 | D:5      | Reached skill level 8 in Axes
  4044 | D:5      | Reached skill level 5 in Armour
  4461 | D:5      | Found a sacrificial altar of Ru.
  4686 | D:5      | Reached XP level 8. HP: 70/70 MP: 7/7
  4944 | D:5      | Reached skill level 1 in Stealth
  5178 | D:5      | XOM: god gift: glowing plate armour {god gift}
  5509 | D:6      | XOM: enchant monster (good)
  5522 | D:6      | Slain by an ice beast

Illustrated notes

Levels and vault maps discovered:
D:1:      ebering_hopf_link, layout_basic,
          hellmonk_ecumenical_altar_prayer_group
D:2:      wad_river_or_something, layout_basic, grunt_ministairs_10
D:3:      layout_basic, okawaru_metal_pillars_1_2, lemuel_tele_altar,
          serial_aquarium, aquarium_bridge_straight [aquarium_subvault_bridge,
          aquarium_subvault_window, aquarium_subvault_bridge,
          aquarium_subvault_wall], aquarium_window_fake, aquarium_window_1,
          aquarium_window_3, aquarium_view_2a, aquarium_balcony_3b,
          aquarium_pool_four, minmay_diced_spiral, uniq_sigmund, uniq_jessica,
          uniq_ijyb
D:4:      layout_gridville, serial_shops, shop
D:5:      layout_layer_cave, nicolae_ru_great_annihilating_truth, st_stairs_4,
          hangedman_glass_teeth, serial_library_hellmonk_secret_room,
          chequers_serial_rivers_micro_b, uniq_prince_ribbit1
D:6:      layout_basic, uniq_edmund

Skill      XL: |  1  2  3  4  5  6  7  8 |
---------------+-------------------------+-----
Fighting       | 4 5 6 |  6.1
Axes           | 4 5 6 7 8 |  8.6
Armour         | 3 4 5 6 |  6.2
Dodging        | 2 3 |  3.0
Stealth        | 1 |  1.0

Action                     |  1- 3 |  4- 6 |  7- 9 || total
---------------------------+-------+-------+-------++-------
  Melee: Hand axe          |    72 |   129 |    80 ||   281
         Headbutt          |    11 |    22 |    14 ||    47
         Punch             |     1 |     1 |     3 ||     5
    Use: Potion            |       |       |     2 ||     2
   Stab: Distracted        |     1 |       |       ||     1
         Paralysed         |       |       |     2 ||     2
 Armour: Leather armour    |     9 |       |       ||     9
         Scale mail        |    51 |    86 |    55 ||   192
         Plate armour      |       |       |    25 ||    25
  Dodge: Dodged            |    59 |    59 |    61 ||   179

Table legend: (Time is in decaauts)
 A = Elapsed time spent in this place.
 B = Non-inter-level travel time spent in this place.
 C = Inter-level travel time spent in this place.
 D = Time resting spent in this place.
 E = Time spent auto-exploring this place.
 F = Levels seen in this place.
 G = Mean time per level.
                   A        B        C        D        E       F      G
               +--------+--------+--------+--------+--------+-----+--------+
         Total |   5521 |   5311 |    210 |      0 |   4378 |   6 |  920.2 |
       Dungeon |   5521 |   5311 |    210 |      0 |   4378 |   6 |  920.2 |
               +--------+--------+--------+--------+--------+-----+--------+

Top non-repeatable levels by time:
     D:5: 1928 daAuts
     D:2: 1033 daAuts
     D:1: 1025 daAuts
     D:3: 791 daAuts
     D:4: 723 daAuts
     D:6: 17 daAuts
